 Dungeon Crawl Stone Soup version 0.28-a0-69-g49dcd67cf8 (webtiles) character file.

Game seed: 16714635754592626856

7 MovingMist the Skirmisher (level 1, 0/18 HPs)
             Began as a Demonspawn Monk on July 31, 2021.
             Slain by a quokka (4 damage)
             ... on level 1 of the Dungeon.
             The game lasted 00:00:45 (299 turns).

MovingMist the Skirmisher (Demonspawn Monk)          Turns: 299, Time: 00:00:46

Health: 0/18       AC:  2    Str: 11    XL:     1   Next: 91%
Magic:  1/1        EV: 13    Int: 11    God:
Gold:   8          SH:  0    Dex: 15    Spells: 0/0 levels left

rFire   . . .      SeeInvis .     - Unarmed
rCold   . . .      Faith    .   (no shield)
rNeg    . . .      Spirit   .   a - +0 robe
rPois   .          Reflect  .   (no helmet)
rElec   .          Harm     .   (no cloak)
rCorr   .          Rampage  .   (no gloves)
Will    .....                   (no boots)
Stlth   ++........              (no amulet)
HPRegen 0.06/turn               (no ring)
MPRegen 0.07/turn               (no ring)

@: no status effects
A: no striking features
a: no special abilities


You were on level 1 of the Dungeon.
You visited 1 branch of the dungeon, and saw 1 of its levels.

You collected 8 gold pieces.

Inventory:

Armour
 a - a +0 robe (worn)
Scrolls
 c - a scroll of acquirement {unknown}
Potions
 b - a potion of cancellation {unknown}


   Skills:
 + Level 3.1 Fighting
 + Level 2.8 Dodging
 + Level 1.8 Stealth
 + Level 2.9 Unarmed Combat


You couldn't memorise any spells.
You didn't know any spells.
Your spell library was empty.

Dungeon Overview and Level Annotations

Branches:
Dungeon (1/15)

Altars:

Shops:
D:1 (*


Message History

The endoplasm barely misses you.
You hit the endoplasm.
You kill the endoplasm!
No target in view!
There is an entrance to Dipt's Assorted Antiques here.
A kobold comes into view. It is wielding a +0 dagger.
A kobold is nearby!
Found Viycral's General Store.
The shop is a mimic!
The shop mimic guffaws and vanishes in a puff of smoke!
The kobold shouts!
Found a stone staircase leading down.
You closely miss the kobold. The kobold hits you with a +0 dagger.
You closely miss the kobold. You barely miss the kobold.
The kobold hits you with a +0 dagger.
You barely miss the kobold. The kobold closely misses you.
You hit the kobold.
The kobold is moderately wounded.
The kobold hits you but does no damage.
You hit the kobold.
The kobold is severely wounded.
The kobold hits you with a +0 dagger.
You hit the kobold.
You kill the kobold!
A quokka comes into view.
You see here a +0 dagger.
The quokka bites you.
You hit the quokka but do no damage. The quokka completely misses you.
You barely miss the quokka. The quokka bites you.
You are too injured to fight recklessly!
You are too injured to fight recklessly!
You miss the quokka. The quokka barely misses you.
You hit the quokka.
The quokka is heavily wounded.
The quokka bites you.
* * * LOW HITPOINT WARNING * * *
You hit the quokka.
The quokka is severely wounded.
The quokka bites you.
You die...

P⌠P#.# #.# #.##.####
PPP#.# .......
###.###.##....# ####.#
....... #....##.#.....#
....#
.......###....#....P.P.#
####
#>................P∩P.#
.....#.##...#....PPP.#
#....##..###.#.....#
#........###.#.#####
#.r@)........#.#
#..#....##.......#
##......##..##..##
##.###..#..##... #.
.#..... . ## . ###... #.
.... ..


You could see a quokka.

Vanquished Creatures
  A ball python (D:1)
  2 endoplasms (D:1)
  A hobgoblin (D:1)
  2 kobolds (D:1)
  A rat (D:1)
7 creatures vanquished.

Notes
Turn   | Place    | Note
-------+----------+-------------------------------------------
     0 | D:1      | MovingMist the Demonspawn Monk began the quest for the Orb.
     0 | D:1      | Reached XP level 1. HP: 18/18 MP: 1/1
   153 | D:1      | Found Ewagias's Weapon Emporium.
   193 | D:1      | Found Dipt's Assorted Antiques.
   281 | D:1      | Found Viycral's General Store.
   299 | D:1      | Slain by a quokka

Illustrated notes

Levels and vault maps discovered:
D:1:      beargit_arrival_greenhouse, layout_rooms, serial_shops,
          nicolae_shop_overgrown_old_shop, nicolae_shop_window_shopping,
          nicolae_shop_stone, shop, nicolae_square_shop,
          shapermc_ecumenical_altar_venn, hangedman_decor_push,
          wad_floor_pattern_untrapped

Action                   || total
-------------------------++-------
Melee: Unarmed           ||    31
Armor: Robe              ||     1
Dodge: Dodged            ||    12

Table legend: (Time is in decaauts)
 A = Elapsed time spent in this place.
 B = Non-inter-level travel time spent in this place.
 C = Inter-level travel time spent in this place.
 D = Time resting spent in this place.
 E = Time spent auto-exploring this place.
 F = Levels seen in this place.
 G = Mean time per level.
                   A        B        C        D        E       F      G
               +--------+--------+--------+--------+--------+-----+--------+
         Total |    297 |    297 |      0 |      0 |    233 |   1 |  297.0 |
       Dungeon |    297 |    297 |      0 |      0 |    233 |   1 |  297.0 |
               +--------+--------+--------+--------+--------+-----+--------+

Top non-repeatable levels by time:
     D:1: 297 daAuts
